 Dungeon Crawl Stone Soup version 0.18.1-8-gdd0e5ea (webtiles) character file.

198 GFox the Sneak (level 5, -5/69 HPs)
             Began as a Naga Assassin on May 30, 2016.
             Killed by divine providence
             ... invoked by an orc priest
              (8 damage)
             ... on level 3 of the Dungeon.
             The game lasted 00:25:57 (2719 turns).

GFox the Sneak (Naga Assassin)                      Turns: 2719, Time: 00:25:58

Health: -5/69      AC:  6    Str: 18    XL:     5   Next: 77%
Magic:  5/5        EV: 10    Int: 12    God:
Gold:   105        SH:  0    Dex: 13    Spells: 0 memorised, 4 levels left

rFire  . . .     SeeInvis +     a - +3 dagger
rCold  . . .     Gourm    .     i - +0 leather armour
rNeg   . . .     Faith    .     (no shield)
rPois  +         Spirit   .     d - +0 helmet
rElec  .         Dismiss  .     s - +0 cloak
rCorr  .         Reflect  .     m - +0 pair of gloves
SustAt .         Harm     .     (no barding)
MR     .....                    (no amulet)
Stlth  ..........               (no ring)
                                (no ring)

@: berserking, drained, quick, not resistant to hostile enchantments, extremely
unstealthy
A: see invisible, deformed body, poison resistance, slowness 2, slow metabolism
1, spit poison 2, AC +1
a: Spit Poison


You were on level 3 of the Dungeon.
You were not hungry.

You visited 1 branch of the dungeon, and saw 3 of its levels.

You collected 105 gold pieces.

Inventory:

Hand Weapons
 a - a +3 dagger (weapon)
 b - a +0 blowgun
Missiles
 e - 8 poisoned needles
 f - 2 curare-tipped needles
Armour
 d - a +0 helmet (worn)
 i - a +0 leather armour (worn)
 m - a +0 pair of gloves (worn)
 s - a +0 cloak (worn)
Scrolls
 c - a scroll of enchant armour
 h - a scroll of teleportation
 k - 4 scrolls of remove curse
Potions
 n - a potion of berserk rage
Comestibles
 g - 2 bread rations
 j - 2 chunks of flesh


   Skills:
 + Level 2.6(2.1) Fighting
 + Level 2.6(2.1) Short Blades
 + Level 2.1(1.6) Throwing
 + Level 1.6(1.1) Armour
 + Level 2.2(1.8) Dodging
 + Level 7.4(6.9) Stealth


You had 4 spell levels left.
You didn't know any spells.

Dungeon Overview and Level Annotations

Branches:
Dungeon (3/15)

Altars:
Makhleb


Innate Abilities, Weirdness & Mutations

You cannot wear boots.
Your serpentine skin is tough (AC +1).
You have supernaturally acute eyesight.
Armour fits poorly on your strangely shaped body.
Your system is resistant to poisons.
You cover ground very slowly.
You have a slow metabolism.
You can spit poison.


Message History

You closely miss the orc priest.
The orc priest is moderately wounded.
The orc priest hits you with a hand axe.
* * * LOW HITPOINT WARNING * * *
You barely miss the orc priest.
The orc priest is moderately wounded.
You hit the orc priest but do no damage.
The orc priest is moderately wounded.
The orc priest hits you with a hand axe.
* * * LOW HITPOINT WARNING * * *
Drink which item? (? for menu, Esc to quit)
A red film seems to cover your vision as you go berserk!
You feel yourself moving faster!
You feel mighty!
The orc priest hits you with a hand axe.
* * * LOW HITPOINT WARNING * * *
You closely miss the orc priest.
The orc priest is moderately wounded.
The orc priest invokes the aid of Beogh against you.
Beogh smites you!
You die...

####### #.....# #.# #.#####
####.# #.o@..#
.<.>.###.###.##############
######.......##...............
#..........o.#################
#.####.......# #.# ##......#
####.# ##.....# [....# ##.#..#
###### #.#..#


You could see an orc priest.

Vanquished Creatures
  A hound (D:2)
  Jessica (D:2)
  An orc wizard (D:3)
  2 adders (D:2)
  2 adder skeletons (D:2)
  2 adder zombies (D:2)
  2 worms
  A dart slug (D:3)
  3 giant geckos
  10 orcs (D:3)
  2 ball pythons
  2 bat zombies (D:2)
  3 giant cockroaches (D:1)
  7 goblins
  6 hobgoblins
  2 jackals (D:2)
  2 quokkas
  5 bats
  A giant gecko skeleton (D:2)
  6 kobolds
  A quokka skeleton (D:2)
  8 rats
70 creatures vanquished.

Vanquished Creatures (others)
  5 toadstools (D:1)
5 creatures vanquished.

Grand Total: 75 creatures vanquished

Notes
Turn   | Place    | Note
--------------------------------------------------------------
     0 | D:1      | GFox the Naga Assassin began the quest for the Orb.
     0 | D:1      | Reached XP level 1. HP: 19/19 MP: 1/1
    22 | D:1      | Reached skill level 6 in Stealth
   134 | D:1      | Reached XP level 2. HP: 22/26 MP: 2/2
   367 | D:1      | Reached skill level 1 in Dodging
   623 | D:1      | Reached XP level 3. HP: 32/32 MP: 3/3
  1112 | D:2      | Reached XP level 4. HP: 27/39 MP: 4/4
  1324 | D:2      | Reached skill level 7 in Stealth
  1434 | D:2      | Noticed Jessica
  1450 | D:2      | Killed Jessica
  1450 | D:2      | Reached skill level 1 in Armour
  1714 | D:2      | Found a burning altar of Makhleb.
  1728 | D:2      | Reached XP level 5. HP: 34/46 MP: 5/5
  2718 | D:3      | HP: 3/69 [orc priest/hand axe (1)]
  2719 | D:3      | Killed from afar by an orc priest

Skill      XL: |  1  2  3  4 |
---------------+-------------+-----
Stealth        | 6 7 |  7.4
Throwing       | 2 |  2.1
Dodging        | 1 2 |  2.2
Armour         | 1 |  1.6
Fighting       | |  2.6
Short Blades   | |  2.6

Action                   |  1- 3 |  4- 6 || total
-------------------------+-------+-------++-------
Melee: Dagger            |    99 |   147 ||   246
 Fire: Blowgun           |    13 |       ||    13
 Abil: Spit Poison       |     3 |     9 ||    12
  Use: Scroll            |     2 |     8 ||    10
       Potion            |       |     4 ||     4
 Stab: Sleeping          |     6 |     7 ||    13
  Eat: Chunk             |       |     2 ||     2
       Bread ration      |       |     1 ||     1
Armor: Robe              |    16 |       ||    16
       Leather armour    |    16 |    37 ||    53
       Skin              |       |     7 ||     7
Dodge: Dodged            |    47 |    54 ||   101
